 Dungeon Crawl Stone Soup version 0.24.0-13-gcf9b319 (webtiles) character file.

Game seed: 2517356877821392979, levelgen mode: deterministic

86 Bronimir the Stinger (level 4, 0/36 HPs)
             Began as a Naga Venom Mage on Apr 15, 2020.
             Fell down a flight of stairs (1 damage)
             ... on level 2 of the Dungeon on Apr 16, 2020.
             The game lasted 00:04:48 (1535 turns).

Bronimir the Stinger (Naga Venom Mage)              Turns: 1535, Time: 00:04:48

Health: 0/36       AC:  2    Str: 10    XL:     4   Next: 50%
Magic:  8/8        EV: 10    Int: 17    God:
Gold:   26         SH:  0    Dex: 11    Spells: 5/8 levels left

rFire    . . .     SeeInvis +   e - +0 club
rCold    . . .     Gourm    .   (no shield)
rNeg     . . .     Faith    .   a - +0 robe
rPois    +         Spirit   .   (no helmet)
rElec    .         Reflect  .   (no cloak)
rCorr    .         Harm     .   (no gloves)
MR       .....                  (no barding)
Stlth    +.........             (no amulet)
HPRegen  0.12/turn              (no ring)
MPRegen  0.11/turn              (no ring)

@: confused, very slow
A: large, see invisible, deformed body, poison resistance, slowness 2, slow
metabolism 1, spit poison 1, AC +1
a: Spit Poison


You were on level 2 of the Dungeon.
You were not hungry.

You visited 1 branch of the dungeon, and saw 2 of its levels.

You collected 26 gold pieces.

Inventory:

Hand Weapons
 e - a +0 club (weapon)
Missiles
 d - 78 stones (quivered)
 f - 17 sling bullets
 k - 15 bolts
Armour
 a - a +0 robe (worn)
 p - a +0 ring mail
 s - a +0 shield
Wands
 m - a wand of random effects (19)
 t - a wand of flame (19)
Scrolls
 b - a scroll of enchant armour {unknown}
 h - a scroll of teleportation {unknown}
 i - 4 scrolls of enchant weapon {unknown}
 j - a scroll of magic mapping {unknown}
 l - a scroll of identify {unknown}
Potions
 g - a potion of heal wounds {unknown}
 n - a potion of degeneration {unknown}
 o - a potion of magic {unknown}
 q - a potion of haste {unknown}
 u - 2 potions of lignification {unknown}
Comestibles
 c - 2 rations
 r - 6 chunks of flesh


   Skills:
 + Level 0.1 Fighting
 + Level 1.8 Dodging
 + Level 3.1 Stealth
 + Level 2.8 Spellcasting
 + Level 1.4 Conjurations
 + Level 0.1 Air Magic
 + Level 5.6 Poison Magic


You had 5 spell levels left.
You knew the following spells:

 Your Spells              Type           Power        Failure   Level  Hunger
a - Sting                 Conj/Pois      ##..         4%          1    #......
b - Poisonous Vapours     Pois/Air       ##....       9%          2    ##.....

Your spell library contained the following spells:

 Spells                   Type           Power        Failure   Level  Hunger
 Olgreb's Toxic Radiance  Pois           ###.....     17%         4    #####..
 Mephitic Cloud           Conj/Pois/Air  ##......     21%         3    ###....
 Venom Bolt               Conj/Pois      ##........   75%         5    ######.


Dungeon Overview and Level Annotations

Branches:
Dungeon (2/15)

Altars:

Annotations:
D:2 Sigmund


Innate Abilities, Weirdness & Mutations

You cannot wear boots.
Your serpentine skin is tough. (AC +1)
You have supernaturally acute eyesight. (SInv)
Armour fits poorly on your strangely shaped body.
Your system is resistant to poisons. (rPois)
You cover ground very slowly.
You have a slow metabolism.
You can spit poison.


Message History

There is a stone staircase leading down here.
Sigmund mumbles some strange words.
Sigmund flickers and vanishes for a moment.
You see here a scale mail.
You feel less confused. Sigmund casts a spell at you.
The puff of flame hits you.
* * * LOW HITPOINT WARNING * * *
The hobgoblin hits you.
* * * LOW HITPOINT WARNING * * *
Sigmund points at you and mumbles some strange words.
You are confused.
The hobgoblin hits you.
* * * LOW HITPOINT WARNING * * *
There is a stone staircase leading up here.
The hobgoblin hits you but does no damage.
Sigmund hits you from afar with a +0 scythe.
* * * LOW HITPOINT WARNING * * *
In your confused state, you trip and fall back down the stairs.
You die...

###+#+## #......# #
#......##.#.#
#........... #####
#......#.#
..).#########[..@..%.#
###††.......#.@g...###
.............>...###
####.............#
#.................
#.................
#.............####
#.............#
##..#####.....#


You could see Sigmund (invisible) and a hobgoblin.

Vanquished Creatures
  Jessica (D:2)
  Terence (D:2)
  An adder (D:2)
  An ooze (D:1)
  A dart slug (D:1)
  2 leopard geckos
  A giant cockroach (D:1)
  4 jackals (D:1)
  A kobold (D:1)
  3 bats (D:1)
  2 frilled lizards
  2 goblins
  A rat (D:1)
21 creatures vanquished.

Notes
Turn   | Place    | Note
-------+----------+-------------------------------------------
     0 | D:1      | Bronimir the Naga Venom Mage began the quest for the Orb.
     0 | D:1      | Reached XP level 1. HP: 15/15 MP: 3/3
   439 | D:1      | Reached XP level 2. HP: 22/22 MP: 0/5
   700 | D:1      | Reached skill level 5 in Poison Magic
   855 | D:1      | Learned a level 2 spell: Poisonous Vapours
  1114 | D:2      | Noticed Terence
  1124 | D:2      | Killed Terence
  1124 | D:2      | Reached XP level 3. HP: 15/28 MP: 0/6
  1422 | D:2      | Reached XP level 4. HP: 36/36 MP: 3/7
  1487 | D:2      | Noticed Jessica
  1496 | D:2      | Killed Jessica
  1516 | D:2      | Noticed Sigmund
  1534 | D:2      | HP: 1/36 [Sigmund/+0 scythe (4)]
  1535 | D:2      | Fell down a flight of stairs

Levels and vault maps discovered:
D:1:      wheals_arrival_shading, layout_rooms, due_unseen_surprise
D:2:      layout_basic, nicolae_overflow_hidden_temple, uniq_sigmund,
          uniq_jessica, uniq_terence

Skill      XL: |  1  2 |
---------------+-------+-----
Poison Magic   | 5 |  5.6
Fighting       | |  0.1
Dodging        | |  1.8
Stealth        | |  3.1
Spellcasting   | |  2.8
Conjurations   | |  1.4
Air Magic      | |  0.1

Action                   |  1- 3 |  4- 6 || total
-------------------------+-------+-------++-------
Melee: Unarmed           |     6 |       ||     6
       Club              |    10 |       ||    10
 Cast: Sting             |    31 |     3 ||    34
       Poisonous Vapours |     5 |     1 ||     6
 Abil: Spit Poison       |    12 |     1 ||    13
  Eat: Chunk             |     2 |       ||     2
Armor: Robe              |     6 |     1 ||     7
Dodge: Dodged            |    30 |       ||    30
